PAA
MARQUETTE MINERS @ PHOENIX HOTSPUR YOUTH
07/08/2021
 
TOP OF THE 1ST
Marquette Miners batting - Pitching for Phoenix Hotspur Youth : RHP Donald Gregory
Pitching: RHP Donald Gregory
Batting: LHB José Ortega 0-0: Ball
1-0: Called Strike
1-1: Foul Ball, location: 2F
1-2: Ball
2-2: Ball
3-2: Foul Ball, location: 2F
3-2: Foul Ball, location: 2F
3-2: Ground out 6-3 (Groundball, 6M)
Batting: LHB Yannick Hendriksen 0-0: Called Strike
0-1: Ball
1-1: Ball
2-1: Swinging Strike
2-2: Strikes out swinging
Batting: RHB Gerald Clark 0-0: Called Strike
0-1: Foul Ball, location: 2F
0-2: Strikes out swinging
Top of the 1st over - 0 run(s), 0 hit(s), 0 error(s), 0 left on base; Marquette 0 - Phoenix Hotspur 0
BOTTOM OF THE 1ST
Phoenix Hotspur Youth batting - Pitching for Marquette Miners : RHP Jaime Venditti
Pitching: RHP Jaime Venditti
Batting: LHB Arthur Ryan 0-0: Swinging Strike
0-1: Called Strike
0-2: Fly out, F7 (Flyball, 7M)
Batting: RHB Fernando Rivera 0-0: Called Strike
0-1: Called Strike
0-2: Ball
1-2: Ball
2-2: SINGLE (Line Drive, 6D)
Batting: RHB Júlio Mateo 0-0: Ball
Fernando Rivera steals 2nd base
1-0: Ball
2-0: Ball
3-0: Called Strike
3-1: Foul Ball, location: 2F
3-2: Ground out 5-3 (Groundball, 5L)
Batting: RHB Ángel Rivera 0-0: Called Strike
0-1: Foul Ball, location: 2F
0-2: Ball
1-2: Ball
2-2: Ground out 6-3 (Groundball, 6)
Bottom of the 1st over - 0 run(s), 1 hit(s), 0 error(s), 1 left on base; Marquette 0 - Phoenix Hotspur 0
TOP OF THE 2ND
Marquette Miners batting - Pitching for Phoenix Hotspur Youth : RHP Donald Gregory
Batting: RHB Kade Knowles 0-0: SINGLE (Line Drive, 6MD)
Batting: RHB Francis Kelly 0-0: Reached on error, E5 (Groundball, 5)
Kade Knowles to second
Batting: RHB Isaac Downey 0-0: Ball
1-0: Ball
2-0: Swinging Strike
2-1: Ball
3-1: Foul Ball, location: 2F
3-2: Base on Balls
Kade Knowles to third
Francis Kelly to second
Batting: RHB Howard Kelly 0-0: Called Strike
0-1: Swinging Strike
0-2: Strikes out swinging
Batting: RHB Pedro Pérez 0-0: Swinging Strike
0-1: Ball
1-1: Swinging Strike
1-2: Foul Ball, location: 2F
1-2: Ball
2-2: Foul Ball, location: 2F
2-2: Strikes out swinging
Batting: RHB Pil-joong Pak 0-0: Ground out 5-3 (Groundball, 5L)
Top of the 2nd over - 0 run(s), 1 hit(s), 1 error(s), 3 left on base; Marquette 0 - Phoenix Hotspur 0
BOTTOM OF THE 2ND
Phoenix Hotspur Youth batting - Pitching for Marquette Miners : RHP Jaime Venditti
Batting: SHB Jesús González 0-0: Called Strike
0-1: SINGLE (Groundball, 4M)
Batting: RHB Rick Moore 0-0: Ball
1-0: Called Strike
1-1: Fly out, F8 (Flyball, 8LM)
Batting: RHB Satoshi Terada 0-0: Foul Ball, location: 2F
Pickoff Throw to First - Error! E1
Jesús González to second
0-1: Foul Ball, location: 2F
0-2: Foul Ball, location: 2F
0-2: Strikes out swinging
Batting: RHB Alejandro Ibarra 0-0: Foul Ball, location: 2F
0-1: Foul Ball, location: 2F
0-2: Strikes out swinging
Bottom of the 2nd over - 0 run(s), 1 hit(s), 1 error(s), 1 left on base; Marquette 0 - Phoenix Hotspur 0
TOP OF THE 3RD
Marquette Miners batting - Pitching for Phoenix Hotspur Youth : RHP Donald Gregory
Batting: LHB José Ortega 0-0: Ground out 4-3 (Groundball, 4)
Batting: LHB Yannick Hendriksen 0-0: SINGLE (Groundball, 13) (infield hit)
Batting: RHB Gerald Clark 0-0: Ball
1-0: Swinging Strike
1-1: Foul Ball, location: 2F
1-2: Foul Ball, location: 2F
1-2: Ball
2-2: Ball
3-2: Base on Balls
Yannick Hendriksen to second
Batting: RHB Kade Knowles 0-0: Ball
1-0: Fielders Choice at 2nd, 3-6 (Groundball, 3)
Yannick Hendriksen to third
Batting: RHB Francis Kelly 0-0: Ground out 4-3 (Groundball, 4)
Top of the 3rd over - 0 run(s), 1 hit(s), 0 error(s), 2 left on base; Marquette 0 - Phoenix Hotspur 0
BOTTOM OF THE 3RD
Phoenix Hotspur Youth batting - Pitching for Marquette Miners : RHP Jaime Venditti
Batting: RHB Dan Perkins 0-0: Swinging Strike
0-1: Called Strike
0-2: Strikes out swinging
Batting: LHB Arthur Ryan 0-0: Ball
1-0: Foul Ball, location: 2F
1-1: Fly out, F7 (Flyball, 78XD)
Batting: RHB Fernando Rivera 0-0: Fly out, F9 (Line Drive, 9S)
Bottom of the 3rd over - 0 run(s), 0 hit(s), 0 error(s), 0 left on base; Marquette 0 - Phoenix Hotspur 0
TOP OF THE 4TH
Marquette Miners batting - Pitching for Phoenix Hotspur Youth : RHP Donald Gregory
Batting: RHB Isaac Downey 0-0: Ball
1-0: Ground out 4-3 (Groundball, 13)
Batting: RHB Howard Kelly 0-0: Foul Ball, location: 2F
0-1: Fly out, F9 (Flyball, 89M)
Batting: RHB Pedro Pérez 0-0: Called Strike
0-1: Ball
1-1: Swinging Strike
1-2: Foul Ball, location: 2F
1-2: Strikes out swinging
Top of the 4th over - 0 run(s), 0 hit(s), 0 error(s), 0 left on base; Marquette 0 - Phoenix Hotspur 0
BOTTOM OF THE 4TH
Phoenix Hotspur Youth batting - Pitching for Marquette Miners : RHP Jaime Venditti
Batting: RHB Júlio Mateo 0-0: Called Strike
0-1: SINGLE (Line Drive, 4MD)
Batting: RHB Ángel Rivera 0-0: Called Strike
0-1: Fly out, F7 (Flyball, 78D)
Batting: SHB Jesús González 0-0: Ball
1-0: Ball
2-0: Foul Ball, location: 2F
2-1: SINGLE (Line Drive, 34D)
Júlio Mateo to second
Batting: RHB Rick Moore 0-0: Swinging Strike
0-1: Fly out, F9 (Flyball, 9LMF)
Batting: RHB Satoshi Terada 0-0: Called Strike
0-1: Foul Ball, location: 2F
0-2: Foul Ball, location: 2F
0-2: Strikes out looking
Bottom of the 4th over - 0 run(s), 2 hit(s), 0 error(s), 2 left on base; Marquette 0 - Phoenix Hotspur 0
TOP OF THE 5TH
Marquette Miners batting - Pitching for Phoenix Hotspur Youth : RHP Donald Gregory
Batting: RHB Pil-joong Pak 0-0: Ball
1-0: Bunted foul
1-1: Foul Ball, location: 2F
1-2: Foul Ball, location: 2F
1-2: Foul Ball, location: 2F
1-2: DOUBLE (Line Drive, 7LD)
Batting: LHB José Ortega 0-0: Ball
1-0: Ball
2-0: Called Strike
2-1: Ball
3-1: Foul Ball, location: 2F
3-2: Strikes out swinging
Batting: LHB Yannick Hendriksen 0-0: Intentional Walk
Batting: RHB Gerald Clark 0-0: Called Strike
0-1: Ball
1-1: SINGLE (Groundball, 56S)
Pil-joong Pak to third
Yannick Hendriksen to second
Runner from 3rd tries for Home, throw and OUT!
Pitching: LHP Tim Allen
Batting: RHB Kade Knowles 0-0: Called Strike
0-1: Called Strike
0-2: Foul Ball, location: 2F
0-2: Strikes out swinging
Top of the 5th over - 0 run(s), 2 hit(s), 0 error(s), 2 left on base; Marquette 0 - Phoenix Hotspur 0
BOTTOM OF THE 5TH
Phoenix Hotspur Youth batting - Pitching for Marquette Miners : RHP Jaime Venditti
Batting: RHB Alejandro Ibarra 0-0: Foul Ball, location: 2F
0-1: Ball
1-1: Swinging Strike
1-2: Strikes out swinging
Batting: RHB Dan Perkins 0-0: Called Strike
0-1: Ground out 6-3 (Groundball, 6)
Batting: LHB Arthur Ryan 0-0: Ball
1-0: Ball
2-0: Ball
3-0: Called Strike
3-1: Called Strike
3-2: Strikes out swinging
Bottom of the 5th over - 0 run(s), 0 hit(s), 0 error(s), 0 left on base; Marquette 0 - Phoenix Hotspur 0
TOP OF THE 6TH
Marquette Miners batting - Pitching for Phoenix Hotspur Youth : LHP Tim Allen
Batting: RHB Francis Kelly 0-0: Called Strike
0-1: Ball
1-1: Ball
2-1: Called Strike
2-2: Strikes out swinging
Batting: RHB Isaac Downey 0-0: Foul Ball, location: 2F
0-1: Ball
1-1: Ball
2-1: Ground out 1-3 (Groundball, 13)
Batting: RHB Howard Kelly 0-0: Called Strike
0-1: Foul Ball, location: 2F
0-2: Foul Ball, location: 2F
0-2: Ball
1-2: Foul Ball, location: 2F
1-2: Foul Ball, location: 2F
1-2: Ground out 4-3 (Groundball, 34)
Top of the 6th over - 0 run(s), 0 hit(s), 0 error(s), 0 left on base; Marquette 0 - Phoenix Hotspur 0
BOTTOM OF THE 6TH
Phoenix Hotspur Youth batting - Pitching for Marquette Miners : RHP Jaime Venditti
Batting: RHB Fernando Rivera 0-0: Fly out, F6 (Popup, 6D)
Batting: RHB Júlio Mateo 0-0: Called Strike
0-1: Foul Ball, location: 2F
0-2: SINGLE (Groundball, 6MD)
Batting: RHB Ángel Rivera 0-0: Ball
1-0: Ball
2-0: Called Strike
2-1: Ball
3-1: Base on Balls
Júlio Mateo to second
Batting: SHB Jesús González 0-0: Ball
1-0: SINGLE (Groundball, 6MD)
Júlio Mateo to third
Ángel Rivera to second
Runner from 3rd tries for Home, SAFE, throw made home
Batting: RHB Rick Moore 0-0: Grounds into double play, 6-4-3 (Groundball, 6)
Bottom of the 6th over - 1 run(s), 2 hit(s), 0 error(s), 1 left on base; Marquette 0 - Phoenix Hotspur 1
TOP OF THE 7TH
Marquette Miners batting - Pitching for Phoenix Hotspur Youth : LHP Tim Allen
Batting: RHB Pedro Pérez 0-0: Called Strike
0-1: Ball
1-1: Ground out 5-3 (Groundball, 56)
Batting: RHB Pil-joong Pak 0-0: Ball
1-0: SINGLE (Line Drive, 7LS)
Pinch Hitting: LHB Jorge Flores 0-0: Foul Ball, location: 2F
0-1: Ball
1-1: Ball
2-1: TRIPLE (Flyball, 7LD)
Pil-joong Pak scores
Batting: LHB Yannick Hendriksen 0-0: Called Strike
0-1: Foul Ball, location: 2F
0-2: SINGLE (Flyball, 7S)
Jorge Flores scores
Batting: RHB Gerald Clark 0-0: Ball
1-0: Called Strike
1-1: Ball
2-1: Ball
Wild Pitch!
Yannick Hendriksen to second
3-1: Fly out, F7 (Flyball, 78S)
Batting: RHB Kade Knowles 0-0: Called Strike
0-1: Foul Ball, location: 2F
0-2: Fly out, F9 (Flyball, 9M)
Top of the 7th over - 2 run(s), 3 hit(s), 0 error(s), 1 left on base; Marquette 2 - Phoenix Hotspur 1
BOTTOM OF THE 7TH
Phoenix Hotspur Youth batting - Pitching for Marquette Miners : RHP Jaime Venditti
Now in RF: Jorge Flores
Batting: RHB Satoshi Terada 0-0: Ball
1-0: Foul Ball, location: 2F
1-1: Swinging Strike
1-2: Foul Ball, location: 2F
1-2: Ball
2-2: Ball
3-2: Foul Ball, location: 2F
3-2: Foul Ball, location: 2F
3-2: Ground out 6-3 (Groundball, 6)
Batting: RHB Alejandro Ibarra 0-0: Ball
1-0: Ball
2-0: Foul Ball, location: 2F
2-1: Ground out 5-3 (Groundball, 56)
Batting: RHB Dan Perkins 0-0: Ball
1-0: Ball
2-0: Called Strike
2-1: Ball
3-1: Swinging Strike
3-2: Fly out, F7 (Flyball, 78M)
Bottom of the 7th over - 0 run(s), 0 hit(s), 0 error(s), 0 left on base; Marquette 2 - Phoenix Hotspur 1
TOP OF THE 8TH
Marquette Miners batting - Pitching for Phoenix Hotspur Youth : LHP Tim Allen
Batting: RHB Francis Kelly 0-0: Called Strike
0-1: Ground out 6-3 (Groundball, 6)
Batting: RHB Isaac Downey 0-0: Ground out 4-3 (Groundball, 4)
Batting: RHB Howard Kelly 0-0: Foul Ball, location: 2F
0-1: Ball
1-1: Ball
2-1: Ball
3-1: Base on Balls
Batting: RHB Pedro Pérez 0-0: Ball
1-0: Fielders Choice at 2nd, U6 (Groundball, 6M)
Top of the 8th over - 0 run(s), 0 hit(s), 0 error(s), 1 left on base; Marquette 2 - Phoenix Hotspur 1
BOTTOM OF THE 8TH
Phoenix Hotspur Youth batting - Pitching for Marquette Miners : RHP Jaime Venditti
Pitching: LHP Brandeis Vogt
Batting: LHB Arthur Ryan 0-0: Called Strike
0-1: Foul Ball, location: 2F
0-2: Foul Ball, location: 2F
0-2: Ball
1-2: Ball
2-2: Foul Ball, location: 2F
2-2: Strikes out swinging
Pitching: RHP Ramiro Flores
Batting: RHB Fernando Rivera 0-0: Foul Ball, location: 2F
0-1: SINGLE (Groundball, 56D)
Batting: RHB Júlio Mateo 0-0: 2-RUN HOME RUN (Flyball, 7D), Distance : 370 ft
Batting: RHB Ángel Rivera 0-0: Ball
1-0: Fly out, F9 (Flyball, 9LM)
Batting: SHB Jesús González 0-0: Swinging Strike
0-1: Swinging Strike
0-2: Fly out, F5 (Popup, 5SF)
Bottom of the 8th over - 2 run(s), 2 hit(s), 0 error(s), 0 left on base; Marquette 2 - Phoenix Hotspur 3
TOP OF THE 9TH
Marquette Miners batting - Pitching for Phoenix Hotspur Youth : LHP Tim Allen
Pitching: RHP Pat McCormick
Now at C: Ed Sharp
Now at 3B: John Boatner
Now in LF: Javier González
Batting: RHB Pil-joong Pak 0-0: Ball
1-0: Ball
2-0: Ball
3-0: Called Strike
3-1: SINGLE (Groundball, 6M)
Batting: LHB Jorge Flores 0-0: Called Strike
0-1: Ball
1-1: Ball
2-1: Sac Bunt - play at first, batter OUT! 2-3
Pil-joong Pak to second
Batting: LHB Yannick Hendriksen 0-0: Foul Ball, location: 2F
0-1: Swinging Strike
0-2: Ground out 4-3 (Groundball, 34)
Pil-joong Pak to third
Batting: RHB Gerald Clark 0-0: Swinging Strike
0-1: SINGLE (Line Drive, 5L)
Pil-joong Pak scores
Batting: RHB Kade Knowles 0-0: Ball
1-0: Called Strike
1-1: Ball
2-1: Ball
3-1: Base on Balls
Gerald Clark to second
Pinch Hitting: RHB Adrian Hale 0-0: Called Strike
0-1: Ball
1-1: Swinging Strike
1-2: Ball
2-2: Strikes out swinging
Top of the 9th over - 1 run(s), 2 hit(s), 0 error(s), 2 left on base; Marquette 3 - Phoenix Hotspur 3
BOTTOM OF THE 9TH
Phoenix Hotspur Youth batting - Pitching for Marquette Miners : RHP Ramiro Flores
Pitching: RHP Gabriel Rodríguez
Now in LF: Adrian Hale
Batting: RHB Rick Moore 0-0: SINGLE (Groundball, 4)
Pinch Hitting: LHB José Villarreal 0-0: Bunt missed!
0-1: Ball
1-1: Bunted foul
1-2: Ball
2-2: Ball
3-2: Foul Ball, location: 2F
3-2: Foul Ball, location: 2F
3-2: Fly out, F7 (Flyball, 78M)
Pinch Hitting: RHB Richard Moss 0-0: Ball
1-0: Ball
2-0: Foul Ball, location: 2F
2-1: Ball
3-1: Foul Ball, location: 2F
3-2: Base on Balls
Rick Moore to second
Pinch Hitting: RHB Jim Unknown 0-0: Called Strike
0-1: Foul Ball, location: 2F
0-2: Ball
1-2: Ball
2-2: Strikes out swinging
Pinch Hitting: RHB Jim Unknown 0-0: Ball
1-0: Called Strike
1-1: Swinging Strike
1-2: Ball
2-2: Ball
3-2: Fly out, F6 (Popup, 6)
Bottom of the 9th over - 0 run(s), 1 hit(s), 0 error(s), 2 left on base; Marquette 3 - Phoenix Hotspur 3
TOP OF THE 10TH
Marquette Miners batting - Pitching for Phoenix Hotspur Youth : RHP Pat McCormick
Now at 1B: Matías Torrella
Now at 2B: Richard Moss
Now at 3B: Jim Unknown
Now in CF: José Villarreal
Pinch Hitting: LHB Jim Unknown 0-0: Ball
1-0: Foul Ball, location: 2F
1-1: Foul Ball, location: 2F
1-2: Ball
2-2: SOLO HOME RUN (Flyball, 89XD), Distance : 409 ft
Batting: RHB Howard Kelly 0-0: Ball
1-0: Fly out, F8 (Flyball, 8RM)
Batting: RHB Pedro Pérez 0-0: Ball
1-0: Ball
2-0: Foul Ball, location: 2F
2-1: Foul Ball, location: 2F
2-2: Fly out, F7 (Flyball, 8LM)
Batting: RHB Pil-joong Pak 0-0: Called Strike
0-1: Foul Ball, location: 2F
0-2: SINGLE (Groundball, 6MD)
Batting: LHB Jorge Flores 0-0: Called Strike
0-1: Called Strike
0-2: Foul Ball, location: 2F
0-2: Ground out 6-3 (Groundball, 6)
Top of the 10th over - 1 run(s), 2 hit(s), 0 error(s), 1 left on base; Marquette 4 - Phoenix Hotspur 3
BOTTOM OF THE 10TH
Phoenix Hotspur Youth batting - Pitching for Marquette Miners : RHP Gabriel Rodríguez
Now at SS: Wayne Cameron
Pinch Hitting: LHB Jim Unknown 0-0: Swinging Strike
0-1: Foul Ball, location: 2F
0-2: Ball
1-2: Ball
2-2: Ball
3-2: Foul Ball, location: 2F
3-2: Foul Ball, location: 2F
3-2: SOLO HOME RUN (Flyball, 89XD), Distance : 401 ft
Pinch Hitting: SHB Ricardo Vargo 0-0: Called Strike
0-1: Swinging Strike
0-2: Ball
1-2: Ball
2-2: Strikes out swinging
Batting: RHB Ángel Rivera 0-0: Ball
1-0: Called Strike
1-1: SINGLE (Line Drive, 6D)
Batting: SHB Jesús González 0-0: Ball
1-0: Ball
2-0: Foul Ball, location: 2F
2-1: Foul Ball, location: 2F
2-2: Ball
3-2: Foul Ball, location: 2F
3-2: Fly out, F8 (Line Drive, 8RM)
Batting: RHB Rick Moore 0-0: Ball
1-0: Ground out 6-3 (Groundball, 6)
Bottom of the 10th over - 1 run(s), 2 hit(s), 0 error(s), 1 left on base; Marquette 4 - Phoenix Hotspur 4
TOP OF THE 11TH
Marquette Miners batting - Pitching for Phoenix Hotspur Youth : RHP Pat McCormick
Pitching: RHP Richard Carlson
Now at C: Mike Alford
Now at SS: Ricardo Vargo
Batting: LHB Yannick Hendriksen 0-0: Ball
1-0: Called Strike
1-1: Swinging Strike
1-2: Foul Ball, location: 2F
1-2: SINGLE (Groundball, 34D)
Batting: RHB Gerald Clark 0-0: Called Strike
0-1: Grounds into double play, 6-4-3 (Groundball, 6)
Batting: RHB Kade Knowles 0-0: SINGLE (Line Drive, 56D)
Batting: RHB Adrian Hale 0-0: Ball
Kade Knowles is caught stealing 2nd base
Top of the 11th over - 0 run(s), 2 hit(s), 0 error(s), 0 left on base; Marquette 4 - Phoenix Hotspur 4
BOTTOM OF THE 11TH
Phoenix Hotspur Youth batting - Pitching for Marquette Miners : RHP Gabriel Rodríguez
Pitching: RHP Ed Stark
Batting: LHB José Villarreal 0-0: Called Strike
0-1: Called Strike
0-2: Ground out 4-3 (Groundball, 34)
Batting: RHB Richard Moss 0-0: Ball
1-0: Reached on error, E6 (Groundball, 6M)
Batting: RHB Matías Torrella 0-0: Ball
1-0: Swinging Strike
1-1: Ball
2-1: Ball
3-1: Foul Ball, location: 2F
3-2: Foul Ball, location: 2F
3-2: Grounds into double play, 6-4-3 (Groundball, 6)
Bottom of the 11th over - 0 run(s), 0 hit(s), 1 error(s), 0 left on base; Marquette 4 - Phoenix Hotspur 4
TOP OF THE 12TH
Marquette Miners batting - Pitching for Phoenix Hotspur Youth : RHP Richard Carlson
Batting: RHB Adrian Hale 0-0: Called Strike
0-1: Fly out, F9 (Line Drive, 89D)
Batting: RHB Wayne Cameron 0-0: Called Strike
0-1: Ball
1-1: Foul Ball, location: 2F
1-2: Strikes out swinging
Batting: RHB Howard Kelly 0-0: Ball
1-0: Ground out 3-1 (Groundball, 34)
Top of the 12th over - 0 run(s), 0 hit(s), 0 error(s), 0 left on base; Marquette 4 - Phoenix Hotspur 4
BOTTOM OF THE 12TH
Phoenix Hotspur Youth batting - Pitching for Marquette Miners : RHP Ed Stark
Batting: RHB Jim Unknown 0-0: Ball
1-0: Swinging Strike
1-1: Fly out, F6 (Line Drive, 6)
Batting: RHB Mike Alford 0-0: Ball
1-0: Called Strike
1-1: Ball
2-1: Ball
3-1: Foul Ball, location: 2F
3-2: Strikes out swinging
Batting: SHB Ricardo Vargo 0-0: Ball
1-0: Foul Ball, location: 2F
1-1: Ball
2-1: Foul Ball, location: 2F
2-2: Strikes out swinging
Bottom of the 12th over - 0 run(s), 0 hit(s), 0 error(s), 0 left on base; Marquette 4 - Phoenix Hotspur 4
TOP OF THE 13TH
Marquette Miners batting - Pitching for Phoenix Hotspur Youth : RHP Richard Carlson
Batting: RHB Pedro Pérez 0-0: Foul Ball, location: 2F
0-1: Ball
1-1: SINGLE (Groundball, 56D)
Batting: RHB Pil-joong Pak 0-0: Sac Bunt - play at first, batter OUT! 6-4
Pedro Pérez to second
Batting: LHB Jorge Flores 0-0: Called Strike
0-1: Swinging Strike
0-2: Strikes out swinging
Batting: LHB Yannick Hendriksen 0-0: Ball
1-0: Foul Ball, location: 2F
1-1: Called Strike
1-2: Strikes out swinging
Top of the 13th over - 0 run(s), 1 hit(s), 0 error(s), 1 left on base; Marquette 4 - Phoenix Hotspur 4
BOTTOM OF THE 13TH
Phoenix Hotspur Youth batting - Pitching for Marquette Miners : RHP Ed Stark
Batting: RHB Ángel Rivera 0-0: SINGLE (Line Drive, 6MD)
Batting: SHB Jesús González 0-0: Ball
1-0: Called Strike
1-1: Ball
2-1: Ball
3-1: Swinging Strike
3-2: Base on Balls
Ángel Rivera to second
Batting: RHB Rick Moore 0-0: Sac Bunt - play at first, batter OUT! 1-4
Ángel Rivera to third
Jesús González to second
Batting: LHB José Villarreal 0-0: Intentional Walk
Batting: RHB Richard Moss 0-0: Foul Ball, location: 2F
0-1: Ball
1-1: Ball
2-1: SINGLE (Line Drive, 6M)
Ángel Rivera scores
This league is powered by Out of the Park Baseball, the baseball management simulation game for PC, Mac and Linux
Friday, January 22nd, 2016 - OOTP Baseball 16.9 Build 39